[Event "Mongolian Championship Open 2022"]
[Site "Chingis Khentii"]
[Date "2022.05.23"]
[Round "11.1"]
[White "Batsuren, Dambasuren"]
[Black "Gundavaa, Bayarsaikhan"]
[Result "1/2-1/2"]
[ECO "E36"]
[WhiteElo "2501"]
[BlackElo "2495"]
[Annotator "TA"]
[PlyCount "60"]
[EventDate "2022.05.12"]
[EventType "tourn"]
[EventCountry "MGL"]
[SourceTitle "playchess.com"]
[Source "ChessBase"]
[SourceQuality "1"]
[TimeControl "40/5400+30:1800+30"]

1. d4 Nf6 2. c4 e6 3. Nc3 Bb4 4. Qc2 O-O 5. a3 Bxc3+ 6. Qxc3 d5 $1 {[%emt 0:00:22][%mdl 4] outshines the older 6...b6.} 7. Bg5 dxc4 {[%emt 0:01:41] E36: Nimzo-Indian: Classical: 4...d5 5 a3.} 8. Qxc4 b6 9. Rc1 Ba6 10. Qa4 Qd7 (10... c5 {with more complications.} 11. dxc5 h6 12. Bh4 bxc5 13. Nf3 Qd7) 11. Qxd7 Nbxd7 12. Bxf6 Nxf6 13. e3 Bxf1 14. Kxf1 c5 15. dxc5 bxc5 16. Nf3 Rab8 17. Rc2 Ne4 18. Ke2 c4 19. Nd2 ({Better is} 19. Ne5 $16) 19... Nd6 20. Rhc1 {[%emt 0:00:40] [#]} h6 $146 ({Predecessor:} 20... g6 21. Nxc4 Nxc4 22. Rxc4 Rxb2+ 23. R1c2 Rfb8 24. Rxb2 Rxb2+ 25. Kf3 Rb6 26. Ra4 a6 {½-½ (38) Grachev,B (2654)-Andreikin,D (2708) Sochi 2017}) 21. Nxc4 Nxc4 22. Rxc4 {[%emt 0:00:06] Threatens to win with b4.} Rxb2+ $11 {[%emt 0:00:09][%mdl 4096] Endgame KRR-KRR} 23. R1c2 Rfb8 24. Rxb2 Rxb2+ {[%emt 0:00:06] KR-KR} 25. Kf3 Rb3 26. Ra4 Rb7 27. g4 Kf8 28. h4 Ke7 29. Ke4 g5 30. hxg5 hxg5 {[%emt 0:00:04] Weighted Error Value: White=0.09 (flawless) /Black=0.10 (very precise)} 1/2-1/2

[Event "Mongolian Championship Open 2022"]
[Site "Chingis Khentii"]
[Date "2022.05.23"]
[Round "11.2"]
[White "Agibileg, Uurtsaikh"]
[Black "Amartuvshin, Ganzorig"]
[Result "0-1"]
[ECO "E24"]
[WhiteElo "2440"]
[BlackElo "2350"]
[Annotator "TA"]
[PlyCount "102"]
[EventDate "2022.05.12"]
[EventType "tourn"]
[EventCountry "MGL"]
[SourceTitle "playchess.com"]
[Source "ChessBase"]
[SourceQuality "1"]
[TimeControl "40/5400+30:1800+30"]

1. d4 Nf6 2. c4 e6 3. Nc3 Bb4 4. a3 Bxc3+ 5. bxc3 Nc6 6. f3 b6 7. e4 Ba6 {[%emt 0:00:21] 7...Na5 is more advanced technology.} 8. Bd3 {[%emt 0:04:52] E24: Nimzo-Indian: Sämisch: Unusual Black 5th moves and 5...c5 sidelines.} Na5 9. Qe2 Nb3 {[%emt 0:00:14] Pair of Knights!} 10. Rb1 {[%emt 0:00:11] The position is equal.} Nxc1 11. Rxc1 Nh5 12. g3 {[%emt 0:04:26] [#] Prevents Nf4.} O-O $146 ({Predecessor:} 12... Qg5 13. f4 Qa5 14. Nh3 g6 15. O-O O-O-O 16. c5 Bxd3 17. Qxd3 Nf6 18. e5 Nd5 {0-1 (84) Ang,A (2356)-Fulo,N (2141) Auckland 2018}) 13. f4 g6 14. Nf3 d5 15. cxd5 Bxd3 16. Qxd3 exd5 17. e5 Ng7 18. O-O Qd7 19. Nh4 c5 20. f5 cxd4 21. cxd4 Rac8 22. e6 $1 (22. fxg6 $6 hxg6 23. Ng2 Rxc1 24. Rxc1 Ne6 $11) 22... fxe6 23. fxg6 h5 (23... h6 $16 {was called for.}) 24. Rxf8+ Rxf8 25. Nf3 (25. Qe3 $1 $18) 25... Qe7 $14 26. Ne5 Nf5 ({Better is} 26... Qg5 $1 $11 27. Rc7 Nf5) 27. h4 $1 b5 {[%emt 0:08:33] [#]} 28. Qf3 (28. Kg2 $1 $16) 28... Qg7 (28... a5 $11 {remains equal.}) 29. Kh2 ({Much weaker is} 29. Qxh5 $6 Nxg3 30. Qg4 Nf5 $11) (29. Rc3 $16) 29... Qh6 $11 30. Rc7 {[%emt 0:03:33] aiming for Nd7.} Nxh4 31. Qe2 {[%emt 0:02:12] Inhibits Qd2.} Nf5 {[%emt 0:03:16] Hoping for ...h4.} 32. Nd7 Qxg6 (32... Nxd4 $5 33. Qb2 Qg7 $11) 33. g4 {[%emt 0:00:05][%mdl 8192] [#]} (33. Qe5 $14 {keeps the upper hand.} h4 34. g4 (34. Nxf8 Qxg3+ 35. Qxg3+ hxg3+ 36. Kh3 Kxf8 $11)) 33... hxg4 $1 $19 {[%emt 0:07:32] And now ...g3+ would win.} 34. Nxf8 {[%emt 0:00:04] [#]} Qh5+ 35. Kg1 Nxd4 {[%emt 0:00:30] The board is on fire.} 36. Qf2 Nf3+ 37. Kf1 Nh2+ $2 (37... Kxf8 $19 38. Qc5+ Kg8 39. Rc8+ Kg7 40. Qc7+ (40. Qe7+ $2 Qf7 $17) 40... Qf7) 38. Ke1 $2 (38. Kg1 $11 Nf3+ 39. Kf1 Kxf8 40. Qc5+ Kg8 41. Rc8+ Kg7 42. Qc7+ (42. Qe7+ Qf7 $17) 42... Qf7 43. Kg2) 38... Qe5+ 39. Kd1 Qxc7 40. Nxe6 {[%emt 0:00:00][%mdl 4096] Endgame KQN-KQN} Qf7 41. Nf4 Nf3 42. Nd3 Ne5 (42... d4 $142 43. Nc1 Qc4) 43. Nf4 (43. Qxf7+ $142 Nxf7 44. Ke2) 43... Ng6 44. Qg2 Qxf4 {[%emt 0:00:26] Black mates.} 45. Qxd5+ Kg7 46. Qxb5 g3 47. Qd7+ Kh6 48. Kc2 Qf2+ 49. Kb3 g2 50. Ka4 g1=Q 51. Qh3+ Qh4+ {[%emt 0:00:12] What a bad dream for White.  Weighted Error Value: White=0.81/Black=0.26 (precise)} 0-1

[Event "Mongolian Championship Open 2022"]
[Site "Chingis Khentii"]
[Date "2022.05.23"]
[Round "11.3"]
[White "Munkhgal, Gombosuren"]
[Black "Batchuluun, Tsegmed"]
[Result "1/2-1/2"]
[ECO "A45"]
[WhiteElo "2502"]
[BlackElo "2536"]
[Annotator "TA"]
[PlyCount "21"]
[EventDate "2022.05.12"]
[EventType "tourn"]
[EventCountry "MGL"]
[SourceTitle "playchess.com"]
[Source "ChessBase"]
[SourceQuality "1"]
[TimeControl "40/5400+30:1800+30"]

1. d4 Nf6 2. Bf4 c5 3. e3 Qb6 4. Na3 Qxb2 5. Nb5 Na6 $2 {[%emt 0:00:06] [#]} (5... Nd5 $11) 6. Rb1 $2 {[%emt 0:00:04] A45: Trompowsky Attack.} (6. a3 $1 $18) 6... Qxa2 $11 {[%emt 0:00:09] The position is equal.} 7. Ra1 Qb2 8. Rb1 ({But not} 8. Rxa6 bxa6 9. Nc7+ Kd8 10. Nxa8 Nd5 $17) 8... Qa2 9. Ra1 Qb2 {[%emt 0:00:06] [#]} 10. Rb1 $146 ({Reject} 10. Rxa6 bxa6 11. Nc7+ Kd8 12. Nxa8 Nd5 $17) ({Predecessor:} 10. Rxa6 bxa6 11. Nc7+ Kd8 12. Nxa8 Nd5 13. Ne2 Bb7 14. Nc7 Nxf4 15. Nxf4 Kxc7 {1-0 (82) Popov,M (2364)-Leiva Rodriguez,J (2404) Chess.com INT 2017}) 10... Qa2 11. Ra1 {[%emt 0:00:29] White did not feel at home in the position after the opening.  Weighted Error Value: White=0.43/Black=0.55} 1/2-1/2

[Event "Mongolian Championship Open 2022"]
[Site "Chingis Khentii"]
[Date "2022.05.23"]
[Round "11.4"]
[White "Amilal Munkhdalai"]
[Black "Enkhnar, Enkhbaatar"]
[Result "1-0"]
[ECO "B33"]
[WhiteElo "2033"]
[BlackElo "2368"]
[Annotator "TA"]
[PlyCount "71"]
[EventDate "2022.05.12"]
[EventType "tourn"]
[EventCountry "MGL"]
[SourceTitle "playchess.com"]
[Source "ChessBase"]
[SourceQuality "1"]
[TimeControl "40/5400+30:1800+30"]

1. e4 c5 2. Nf3 e6 3. d4 cxd4 4. Nxd4 Nf6 5. Nc3 Nc6 6. Ndb5 d6 7. Bf4 e5 8. Bg5 a6 9. Na3 b5 10. Nd5 Be7 11. Bxf6 Bxf6 12. c3 O-O 13. Nc2 Be6 14. a4 {[%emt 0:02:35] B33: Sicilian: Pelikan and Sveshnikov Variations.} Rb8 15. axb5 axb5 16. Be2 {[%emt 0:03:51] White is more active. White is slightly better.} (16. Nxf6+ Qxf6 17. Ne3 (17. Qxd6 Rbc8 $11) 17... Qe7 $11) 16... Bg5 17. O-O f5 {[%emt 0:08:37] [#]} (17... Qc8 $14) 18. Bf3 $146 ({Predecessor:} 18. Ra6 Qc8 19. Ncb4 Nxb4 20. Nxb4 Be7 21. Ra7 Rb7 22. Rxb7 Qxb7 23. exf5 Bxf5 24. Qd5+ Qxd5 25. Nxd5 {0-1 (41) Reyes Santana,D-Damaso Tacoronte,C (1746) Las Palmas 2018}) 18... Na5 19. Ncb4 Rc8 20. Qe2 Rc4 (20... Nb3 $16) 21. exf5 $18 Bxf5 (21... Bd7 {was called for.} 22. g4 (22. Ne3 e4 $18) 22... Kh8) 22. Ne3 {[%emt 0:00:14][%cal Bd5e3,Be3f5,Bf5d6,Bd6f7][%mdl 32] Pair of Knights!} e4 23. Nxf5 (23. Nxc4 exf3 24. Qxf3 Nxc4 $15) 23... exf3 {[%emt 0:00:19] [#]} 24. Qe6+ (24. Qxf3 Rc5 $16) 24... Kh8 25. Nxd6 ({And not} 25. gxf3 Rf6 26. Qd5 Rc5 $15) 25... fxg2 {[%emt 0:00:46] [#]} (25... Rc7 $142 26. Rxa5 Re7) 26. Rfd1 $1 {[%emt 0:00:54] Nf7+ would kill now.} ({Weaker is} 26. Kxg2 Rcf4 27. Rad1 Qe7 $14) 26... Rcf4 {[%emt 0:11:31][%cal Od8b8] [#] Against Nf7+} 27. Nf7+ $1 R4xf7 28. Rxd8 Bxd8 29. Nd3 Nc4 30. Ra8 {[%emt 0:01:06][%cal Oe6f7] Black must now prevent Qxf7! The board is on fire.} Rf6 31. Qh3 Rh6 $2 {[%emt 0:00:59] [#]} (31... Rd6 32. Kxg2 h6) 32. Qf5 $3 {[%emt 0:07:56][%cal Rf5f8][%mdl 512] White is clearly winning.} Rhf6 33. Qxb5 Nd2 34. Qd5 Be7 35. Rxf8+ Bxf8 36. Ne5 {[%emt 0:00:36] White took control after the opening.  Weighted Error Value: White=0.06 (flawless) /Black=0.37} 1-0

[Event "Mongolian Championship Open 2022"]
[Site "Chingis Khentii"]
[Date "2022.05.23"]
[Round "11.5"]
[White "Battulga, Namkhai"]
[Black "Boldoo, Erdenepurev"]
[Result "0-1"]
[ECO "B46"]
[WhiteElo "2402"]
[BlackElo "2371"]
[Annotator "TA"]
[PlyCount "98"]
[EventDate "2022.05.12"]
[EventType "tourn"]
[EventCountry "MGL"]
[SourceTitle "playchess.com"]
[Source "ChessBase"]
[SourceQuality "1"]
[TimeControl "40/5400+30:1800+30"]

1. e4 c5 2. Nf3 e6 3. d4 cxd4 4. Nxd4 Nc6 5. Nc3 a6 6. Be3 Nf6 7. f3 {[%emt 0:00:10] B46: Sicilian: Taimanov: 5 Nc3 a6.} Bb4 8. Qd2 d5 9. exd5 (9. a3 $14 Ba5 10. Nxc6 bxc6 11. O-O-O) 9... Nxd5 $11 10. Nxc6 bxc6 11. Bd4 (11. a3 $5 Bxc3 12. bxc3 $11) 11... O-O {[%emt 0:03:12] ...c5 is the strong threat.} 12. a3 $1 Qa5 {[%emt 0:01:35] [#]} (12... Ba5 $15) 13. Rb1 $146 (13. O-O-O $14 {should be considered.} Bd6 14. Kb1) ({Predecessor:} 13. axb4 Qxa1+ 14. Kf2 a5 15. b5 cxb5 16. Nxd5 exd5 17. Qg5 f6 18. Qxd5+ Be6 19. Qxe6+ Kh8 20. Bd3 Qxh1 21. Qh3 f5 22. Qh6 Rf7 23. Bxf5 {1-0 (23) Tiitta,S-Vertanen,J Turku 1993}) 13... Bxc3 14. Bxc3 Nxc3 15. Qxc3 Qb6 16. Bd3 a5 17. h4 a4 18. h5 {[%emt 0:00:14] And now h6 would win.} h6 19. Kf1 Ba6 20. Rh4 Bxd3+ 21. cxd3 Ra5 22. Rc1 Rd5 23. Rg4 Rg5 24. Rxg5 hxg5 {[%emt 0:00:01][%mdl 4096] Endgame KQR-KQR} 25. Qe5 Rd8 26. Rc4 (26. Qe2 $11) 26... Qb3 (26... Rxd3 $17 {Threatens to win with ...Rd1+.} 27. h6 gxh6 28. Rxa4 Rd1+ 29. Ke2 Rd8) 27. Rxc6 Qxd3+ 28. Kg1 (28. Qe2 $11) 28... Rd5 (28... g4 $1 $17 29. Rc3 Qb1+ 30. Kh2 gxf3 31. Rxf3 Rd5 32. Qb8+ Kh7) 29. Qc3 $2 (29. Qe4 $1 $11 Qxe4 30. fxe4 Rd1+ 31. Kh2) 29... Qd1+ $1 $19 30. Kh2 Rd4 {[%emt 0:00:08] Black is more active.} (30... g4 $1 $17 31. h6 Rg5) 31. Rc8+ $11 Kh7 {[%emt 0:00:01] With the idea ...Rh4+.} 32. Qc2+ Qxc2 33. Rxc2 {[%emt 0:00:01] KR-KR} g4 34. Kg3 gxf3 35. gxf3 {[%emt 0:00:02][%mdl 8192] [#]} (35. Kxf3 $17 Kh6 36. Rc7) 35... Kh6 $1 $19 36. Rc5 {[%emt 0:04:22] [#]} f6 $2 (36... f5 $1 $19 37. Rc7 Kxh5 38. Rxg7 f4+ 39. Kf2 (39. Kh3 Rd3 $17) 39... Rd2+ 40. Ke1 Rxb2) 37. Rb5 $11 e5 ({Black should try} 37... Rd2 $15) 38. Rb4 $2 (38. Rb7 $11) 38... Kxh5 $19 {[%emt 0:00:56] Black is clearly winning.} 39. Kf2 g5 40. Ke3 Rf4 41. Kd2 g4 42. fxg4+ Kxg4 43. Rb8 f5 44. b3 axb3 45. Rxb3 Rf2+ 46. Ke1 Ra2 47. Kf1 e4 48. Rc3 f4 49. Rb3 e3 {[%emt 0:00:02] Weighted Error Value: White=0.92/Black=0.28 (precise)} 0-1

[Event "Mongolian Championship Open 2022"]
[Site "Chingis Khentii"]
[Date "2022.05.23"]
[Round "11.6"]
[White "Bilguun, Sumiya"]
[Black "Gan-Erdene, Sugar"]
[Result "1/2-1/2"]
[ECO "B47"]
[WhiteElo "2454"]
[BlackElo "2419"]
[Annotator "TA"]
[PlyCount "59"]
[EventDate "2022.05.12"]
[EventType "tourn"]
[EventCountry "MGL"]
[SourceTitle "playchess.com"]
[Source "ChessBase"]
[SourceQuality "1"]
[TimeControl "40/5400+30:1800+30"]

1. e4 c5 2. Nf3 e6 3. d4 cxd4 4. Nxd4 Nc6 5. Nc3 Qc7 6. g3 a6 7. Bg2 Nf6 8. O-O Nxd4 9. Qxd4 Bc5 10. Bf4 d6 11. Qd2 h6 12. Rad1 e5 13. Be3 Be6 {[%emt 0:13:03] B47: Sicilian: Taimanov: 5 Nc3 Qc7 6 f4, 6 g3 and 6 Be2.} 14. Bxc5 dxc5 15. Nd5 Bxd5 {[%emt 0:00:06] White is slightly better.} 16. exd5 {[%emt 0:00:04] aiming for d6.} Qd6 17. f4 {[%emt 0:00:05] [#] Threatens to win with fxe5.} O-O {[%emt 0:06:06] The position is equal.} 18. fxe5 Qxe5 19. c4 Qd6 {[%emt 0:00:18] [#]} 20. a4 $146 ({Predecessor:} 20. Rfe1 Rad8 21. Qf4 Qb6 22. b3 Ne8 23. Re7 Nd6 24. Bh3 Rfe8 25. Rde1 Rxe7 26. Rxe7 {½-½ (44) Lu,S (2615)-Nguyen,D (2500) Olongapo City 2015}) 20... Rab8 21. b3 Rfd8 22. Bh3 b5 23. axb5 axb5 24. Bf5 bxc4 25. bxc4 Rb4 26. Rc1 Re8 27. Qf2 Rb3 28. Rce1 Rbb8 29. Ra1 Ra8 30. Rab1 {[%emt 0:00:12] Weighted Error Value: White=0.07 (flawless) /Black=0.03 (flawless)} 1/2-1/2